 Dungeon Crawl Stone Soup version 0.30-a0-187-gd9c2deaf24 (webtiles) character file.

Game seed: 15459723893331669569

44 dave1331 the Trooper (level 3, -5/33 HPs)
             Began as a Hill Orc Fighter on Oct 1, 2022.
             Was an Initiate of Dithmenos.
             Slain by a gnoll
             ... wielding a +0 halberd
              (11 damage)
             ... on level 2 of the Dungeon on Oct 3, 2022.
             The game lasted 00:03:39 (1166 turns).

dave1331 the Trooper (Hill Orc Fighter)             Turns: 1166, Time: 00:03:39

Health: -5/33      AC:  7    Str: 20    XL:     3   Next: 60%
Magic:  3/3        EV:  9    Int:  8    God:    Dithmenos [......]
Gold:   91         SH:  4    Dex: 10    Spells: 2/2 levels left

rFire   . . .      SeeInvis .    a - +0 war axe
rCold   . . .      Faith    .    c - +0 buckler
rNeg    . . .      Spirit   .    b - +0 scale mail
rPois   .          Reflect  .    (no helmet)
rElec   .          Harm     .    (no cloak)
rCorr   .          Rampage  .    (no gloves)
Will    .....                    (no boots)
Stlth   ..........               (no amulet)
HPRegen 0.25/turn                (no ring)
MPRegen 0.08/turn                (no ring)

@: no status effects
A: no striking features
a: Renounce Religion


You were on level 2 of the Dungeon.
You worshipped Dithmenos.
Dithmenos was noncommittal.
You visited 1 branch of the dungeon, and saw 2 of its levels.

You collected 91 gold pieces.

Inventory:

Hand Weapons
 a - a +0 war axe (weapon)
Armour
 b - a +0 scale mail (worn)
 c - a +0 buckler (worn)
Jewellery
 f - an amulet of reflection
Scrolls
 g - a scroll of blinking {unknown}
 i - a scroll of torment {unknown}
Potions
 d - 2 potions of might
 e - a potion of resistance {unknown}
 h - a potion of haste {unknown}
 j - a potion of flight {unknown}


   Skills:
 + Level 4.1 Fighting
 + Level 3.4 Axes
 + Level 3.8 Armour
 + Level 3.7 Shields


You had 2 spell levels left.
You didn't know any spells.
Your spell library contained the following spells:

 Spells                   Type           Power      Damage    Failure   Level
 Summon Small Mammal      Summ           0%         N/A       85%         1
 Call Canine Familiar     Summ           0%         N/A       99%         3
 Summon Guardian Golem    Hex/Summ       0%         N/A       99%         3


Dungeon Overview and Level Annotations

Branches:
Dungeon (2/15)

Altars:
Dithmenos


Message History

You block the gnoll's attack. You block the gnoll's attack.
The gnoll hits you with a +0 spear.
You hit the gnoll.
The gnoll is moderately wounded.
You closely miss the gnoll. You hit the gnoll.
You kill the gnoll!
Dithmenos accepts your kill. The gnoll closely misses you.
The gnoll barely misses you. The gnoll hits you with a +0 club.
The gnoll hits you from afar with a +0 spear.
The gnoll closely misses you. The gnoll hits you with a +0 club.
The gnoll closely misses you. You block the gnoll's attack.
The gnoll hits you with a +0 club. The gnoll attacks as you move away!
The gnoll hits you with a +0 club. You block the gnoll's attack.
You see here a scroll labelled HIHOPE LUHAI.
The adder bites you but does no damage. The gnoll attacks as you move away!
The gnoll barely misses you. The adder attacks as you move away!
The adder barely misses you. You block the adder's attack.
The gnoll attacks as you move away! You block the gnoll's attack.
The gnoll attacks as you move away! The gnoll hits you with a +0 club.
The gnoll attacks as you move away! The gnoll hits you with a +0 club.
The adder bites you but does no damage.
You hit the adder but do no damage. You hit the gnoll but do no damage.
The adder misses you. The gnoll barely misses you. The adder barely misses you.
The gnoll barely misses you. The gnoll closely misses you.
The gnoll hits you from afar with a +0 halberd.
* * * LOW HITPOINT WARNING * * *
You hit the adder.
The adder is heavily wounded.
You barely miss the gnoll. You block the adder's attack.
The gnoll hits you from afar with a +0 spear.
* * * LOW HITPOINT WARNING * * *
The gnoll hits you but does no damage. You block the gnoll's attack.
You barely miss the adder.
The adder is heavily wounded.
You hit the gnoll. The adder barely misses you. You block the gnoll's attack.
The gnoll hits you from afar with a +0 halberd!
You die...

.#. .......
##.......
.#.#.....#######
#........
##..#..........##
#........ #
#.............##
#........
###..............#
#........
.................#
#........
###..............#
#........
#†)..........g.#
##...<.).
#...?.......gS@#
##.....#
#...........g.##
#.....###
................#
....#####
......####..###.#
.... .....=#
##..##... ...
.#....# ##.####.#
. ..###.. .# ...
#. ##.. .. #.


You could see 3 gnolls and an adder.

Vanquished Creatures
  A gnoll (D:2)
  2 ball pythons
  3 bats (D:1)
  5 endoplasms (D:1)
  2 giant cockroaches
  3 goblins
  4 hobgoblins
  3 kobolds (D:1)
  A quokka (D:1)
  3 frilled lizards (D:1)
  3 rats (D:1)
30 creatures vanquished.

Notes
Turn   | Place    | Note
-------+----------+-------------------------------------------
     0 | D:1      | dave1331 the Hill Orc Fighter began the quest for the Orb.
     0 | D:1      | Reached XP level 1. HP: 19/19 MP: 1/1
    34 | D:1      | Upgraded the game from 0.30-a0-172-gc5509c9e31 to
                  | 0.30-a0-187-gd9c2deaf24
   144 | D:1      | Reached XP level 2. HP: 23/27 MP: 2/2
   675 | D:1      | Reached skill level 4 in Fighting
   719 | D:1      | Reached XP level 3. HP: 30/33 MP: 3/3
  1046 | D:2      | Found a shadowy altar of Dithmenos.
  1055 | D:2      | Became a worshipper of Dithmenos the Shadowed
  1166 | D:2      | Slain by a gnoll

Illustrated notes

Levels and vault maps discovered:
D:1:      evilmike_arrival_hilbert_curve, layout_loops_corners,
          minmay_pentomino_w2
D:2:      layout_rooms, basic_altar

Skill      XL: |  1  2 |
---------------+-------+-----
Axes           | 3 |  3.4
Fighting       | 4 |  4.1
Armour         | |  3.8
Shields        | |  3.7

Action                   || total
-------------------------++-------
Melee: War axe           ||    83
Armor: Scale mail        ||    55
Dodge: Dodged            ||    61
Block: Buckler           ||    43

Table legend: (Time is in decaauts)
 A = Elapsed time spent in this place.
 B = Non-inter-level travel time spent in this place.
 C = Inter-level travel time spent in this place.
 D = Time resting spent in this place.
 E = Time spent auto-exploring this place.
 F = Levels seen in this place.
 G = Mean time per level.
                   A        B        C        D        E       F      G
               +--------+--------+--------+--------+--------+-----+--------+
         Total |   1198 |   1179 |     19 |      0 |    833 |   2 |  599.0 |
       Dungeon |   1198 |   1179 |     19 |      0 |    833 |   2 |  599.0 |
               +--------+--------+--------+--------+--------+-----+--------+

Top non-repeatable levels by time:
     D:1: 1045 daAuts
     D:2: 152 daAuts
